Map: New Repugnancy LE

Players

Kruger

  • Race: Terran Terran
  • League: Master
  • Spawn Location: 1:00

A.I. 2 (Very Easy) - Winner!

  • Race: Terran Terran
  • Spawn Location: 7:00

VOD

Have the link to the VOD?

Description

TvT

Time

  • Played on: May 8, 2019, 3:09 p.m.
  • Length: 11:34
Show
View Real Time Build Order
Export as new Build Order

Kruger Terran 

Build Orders: Gas First Reaper Expand, Hellion Opening, Mech 

Get SALT Encoding   

  12  0:01  SCV  
  13  0:13  SCV  
  14  0:17  Supply Depot  
  14  0:25  SCV  
  15  0:28  Refinery  
  15  0:39  SCV  
  16  0:45  Barracks  
  16  0:51  SCV  
  17  1:03  SCV  
  18  1:15  SCV  
  19  1:33  Orbital Command  
  19  1:34  Reaper  
  20  1:47  Command Center  
  20  1:59  SCV  
  21  2:03  Factory  
  21  2:08  Barracks Reactor  
  21  2:16  Refinery  
  21  2:18  Supply Depot  
  21  2:22  SCV  
  22  2:34  SCV  
  23  2:46  SCV  
  23  2:50  Starport  
  24  2:54  Hellion x2  
  28  2:58  Barracks Tech Lab, SCV  
  29  3:07  Orbital Command  
  29  3:17  Hellion  
  29  3:19  Hellion  
  35  3:34  SCV x2  
  35  3:38  Raven  
  37  3:46  SCV x2, Supply Depot  
  38  3:51  Hellion  
  38  3:52  Hellion  
  42  3:58  SCV x2  
  44  4:06  Supply Depot  
  44  4:10  SCV  
  44  4:11  SCV  
  46  4:19  Hellion x2  
  46  4:21  Raven  
  46  4:23  SCV x2  
  54  4:35  SCV x2  
  54  4:36  Supply Depot  
  56  4:42  Hellion x2  
  56  4:43  Supply Depot  
  60  4:47  SCV  
  60  4:48  SCV  
  63  5:00  SCV x2  
  64  5:12  SCV x2  
  64  5:13  Command Center  
  66  5:17  Supply Depot  
  66  5:19  Refinery  
  66  5:20  Refinery, Siege Tank  
  69  5:22  Viking x2  
  69  5:24  SCV x2  
  75  5:36  SCV x2  
  77  5:44  Supply Depot  
  77  5:47  Barracks Reactor  
  77  5:48  SCV x2  
  79  5:51  Factory  
  79  5:54  Viking x2  
  83  5:59  Siege Tank  
  86  6:05  SCV x2  
  88  6:17  SCV x2  
  90  6:19  Engineering Bay  
  90  6:20  Factory  
  90  6:27  Supply Depot  
  90  6:28  Supply Depot  
  90  6:30  SCV x2  
  92  6:38  Viking x2  
  92  6:39  Siege Tank  
  99  6:42  SCV x2  
  99  6:44  Barracks Tech Lab  
  101  6:53  Hellion x2  
  101  6:54  SCV x2, Supply Depot  
  107  6:57  Orbital Command  
  107  7:06  SCV x2  
  109  7:10  Supply Depot  
  109  7:11  Siege Tank  
  109  7:12  Supply Depot  
  109  7:15  Hellion x2  
  116  7:16  Viking  
  116  7:20  Refinery x2, Sensor Tower  
  118  7:23  SCV x2  
  118  7:26  Viking  
  122  7:32  Siege Tank  
  125  7:37  Hellion x2  
  125  7:40  SCV x2  
  131  7:46  Factory, Supply Depot  
  131  7:47  Factory  
  131  7:57  SCV x2  
  133  8:13  Command Center  
  133  8:15  Hellion x2, Siege Tank x2  
  133  8:16  Supply Depot  
  133  8:19  Supply Depot  
  143  8:21  Supply Depot, Viking x2  
  143  8:22  Infernal Pre-Igniter  
  147  8:34  Supply Depot  
  147  8:37  Factory Reactor, Supply Depot  
  147  8:38  Factory Tech Lab  
  147  8:39  Hellion x2  
  149  8:44  Armory  
  149  8:47  Armory  
  145  8:54  Siege Tank x2  
  76  8:55  Viking  
  149  8:58  Supply Depot, Viking  
  151  9:06  Hellion x2  
  151  9:09  Siege Tank  
  158  9:15  Hellion x2  
  162  9:26  Viking  
  162  9:27  Sensor Tower  
  162  9:28  Viking  
  162  9:29  Hellion x2  
  162  9:30  Siege Tank  
  173  9:38  SCV x3  
  176  9:47  Hellion x2  
  176  9:52  Refinery, Smart Servos, Missile Turret  
  180  9:54  Refinery  
  180  9:55  Missile Turret  
  180  9:56  Hellion x2, Siege Tank  
  187  10:14  Hellion, Siege Tank  
  187  10:15  Hellion, Siege Tank  
  187  10:16  Viking  
  199  10:53  Planetary Fortress  
  199  10:58  Command Center  
  199  11:01  Command Center  
  199  11:09  Starport  
  199  11:10  Starport, Command Center, Fusion Core  
  199  11:14  Barracks Tech Lab, Missile Turret  
  199  11:28  Missile Turret  
  199  11:32  Missile Turret  
Show
View Real Time Build Order
Export as new Build Order

A.I. 2 (Very Easy) Terran - Winner!

Build Orders:  

Get SALT Encoding   

  12  0:00  SCV  
  13  0:13  SCV  
  14  0:18  Supply Depot  
  14  0:37  Refinery  
  14  0:42  Barracks  
  14  1:04  Supply Depot  
  14  1:12  Refinery  
  14  1:29  SCV  
  14  1:30  Marine  
  16  1:41  SCV  
  17  1:54  SCV  
  18  2:03  Marine  
  18  2:06  SCV  
  20  2:18  SCV  
  21  2:30  SCV  
  21  2:35  Marine  
  23  2:42  Orbital Command  
  23  4:23  SCV  
  23  5:50  Marine, SCV  
  23  5:53  Supply Depot  
  23  5:56  Factory  
  25  6:13  SCV  
  25  6:17  Supply Depot  
  23  6:22  Marine  
  23  6:25  SCV  
  23  6:37  SCV  
  20  6:40  Barracks Tech Lab  
  16  6:49  SCV  
  16  6:51  Hellion  
  12  6:54  Starport  
  10  7:01  SCV  
  10  7:06  Command Center  
  11  7:13  SCV  
  11  7:20  Hellion  
  8  7:25  SCV  
  6  7:37  SCV  
  5  7:48  Hellion  
  5  7:50  SCV  
  5  8:02  SCV  
  5  8:09  Starport Tech Lab  
  2  8:14  SCV  
  2  8:17  Marauder  
  2  8:18  SCV  
  6  8:21  Refinery  
  6  8:26  SCV  
  7  8:28  Raven  
  7  8:32  SCV  
  10  8:34  Refinery  
  10  8:40  SCV  
  10  8:45  Hellion  
  10  8:47  SCV  
  11  8:54  SCV  
  11  9:01  SCV  
  12  9:08  SCV  
  13  9:10  Raven  
  13  9:14  Hellion  
  13  9:15  SCV  
  18  9:23  SCV  
  19  9:30  SCV  
  20  9:37  SCV  
  21  9:43  Marauder  
  21  9:45  SCV  
  24  9:52  SCV  
  25  9:59  SCV  
  26  10:06  SCV  
  27  10:13  SCV  
  27  10:14  Marine  
  28  10:20  SCV  
  30  10:28  SCV  
  30  10:35  SCV  
  31  10:42  SCV  
  32  10:45  Marine  
  32  10:49  SCV  
  34  10:52  Medivac  
  34  10:57  SCV  
  37  11:04  SCV  
  38  11:06  Marine  
  38  11:09  Supply Depot  
  39  11:11  SCV  
  29  11:18  SCV  
  32  11:26  Factory Tech Lab  
Tags
 
Add a new tag
Caveats
  • Supply blocks, unpowered buildings, or Contaminate may cause inaccurate times.
  • Supply counts are checked every 10 seconds.